 Dungeon Crawl Stone Soup version 0.28-b1-70-g80dc712255 (webtiles) character file.

Game seed: 17791683770267623018

12 cbfl8 the Sneak (level 2, -1/27 HPs)
             Began as a Minotaur Delver on Feb 3, 2022.
             Slain by a black bear (3 damage)
             ... on level 5 of the Dungeon.
             The game lasted 00:00:08 (29 turns).

cbfl8 the Sneak (Minotaur Delver)                     Turns: 29, Time: 00:00:08

Health: -1/27      AC:  3    Str: 16    XL:     2   Next: 20%
Magic:  1/1        EV: 11    Int:  7    God:
Gold:   0          SH:  0    Dex: 11    Spells: 1/1 levels left

rFire   . . .      SeeInvis .   a - +0 hand axe
rCold   . . .      Faith    .   (no shield)
rNeg    . . .      Spirit   .   b - +0 leather armour
rPois   .          Reflect  .   (helmet restricted)
rElec   .          Harm     .   (no cloak)
rCorr   .          Rampage  .   (no gloves)
Will    .....                   (no boots)
Stlth   ++........              (no amulet)
HPRegen 0.09/turn               (no ring)
MPRegen 0.07/turn               (no ring)

@: no status effects
A: horns 2, retaliatory headbutt
a: no special abilities


You were on level 5 of the Dungeon.
You visited 1 branch of the dungeon, and saw 1 of its levels.

Inventory:

Hand Weapons
 a - a +0 hand axe (weapon)
Armour
 b - a +0 leather armour (worn)
Wands
 g - a wand of digging (3)
Scrolls
 c - a scroll of fog
 d - a scroll of magic mapping
 e - a scroll of fear
 h - a scroll of silence {unknown}
Potions
 f - a potion of haste


   Skills:
 + Level 3.8 Fighting
 + Level 2.4 Axes
 + Level 2.2 Dodging
 + Level 4.4 Stealth


You had one spell level left.
You didn't know any spells.
Your spell library was empty.

Dungeon Overview and Level Annotations

Branches:
Dungeon (5/15)
 Temple: D:4-7

Altars:


Innate Abilities, Weirdness & Mutations

You have a pair of horns on your head.
You reflexively headbutt those who attack you in melee.


Message History

The hound skeleton bites you but does no damage.
The hound skeleton misses you. You furiously retaliate!
You headbutt the hound skeleton.
The hound skeleton bites you but does no damage.
The hound skeleton bites you.
You barely miss the hound skeleton. You headbutt the hound skeleton.
The hound skeleton is heavily damaged.
The hound skeleton bites you. The hound skeleton closely misses you.
You hit the hound skeleton.
The hound skeleton is heavily damaged.
The hound skeleton closely misses you.
You hit the hound skeleton.
The hound skeleton is severely damaged.
The hound skeleton closely misses you.
The hound skeleton bites you but does no damage.
You hit the hound skeleton.
The hound skeleton is severely damaged.
The hound skeleton bites you. The hound skeleton barely misses you.
You furiously retaliate!
You headbutt the hound skeleton!
You destroy the hound skeleton!
You have reached level 2!
A black bear comes into view.
The black bear growls angrily.
The black bear completely misses you. You furiously retaliate!
You headbutt the black bear. The black bear claws you. x2
The black bear barely misses you. The black bear misses you.
The black bear claws you but does no damage.
You see here a purple potion.
You barely miss the black bear. You headbutt the black bear!
The black bear is moderately wounded.
The black bear closely misses you. x3
You hit the black bear. Your headbutt misses the black bear.
The black bear is moderately wounded.
The black bear bites you. The black bear claws you.
The black bear barely misses you. The black bear bites you.
* * * LOW HITPOINT WARNING * * *
The black bear claws you.
* * * LOW HITPOINT WARNING * * *
The black bear claws you.
You die...

### #..# #........#
..####..## #........#
....##...# ##........#
....##...#####........#
............##.......#
.....#####..........#
....## ###........#
....# ###.....## ....#
#..@h.# ....# #..##.#
...## #### .# .### ..
.. .. ... ...


You could see a black bear.

Vanquished Creatures
  A hound skeleton (D:5)
1 creature vanquished.

Notes
Turn   | Place    | Note
-------+----------+-------------------------------------------
     0 | D:5      | cbfl8 the Minotaur Delver began the quest for the Orb.
     0 | D:5      | Reached XP level 1. HP: 19/19 MP: 0/0
    23 | D:5      | Reached XP level 2. HP: 23/27 MP: 1/1
    24 | D:5      | Noticed a black bear
    29 | D:5      | Slain by a black bear

Illustrated notes

Levels and vault maps discovered:
D:5:      layout_cave_pods, minmay_temple_entry_grid

Action                   || total
-------------------------++-------
Melee: Hand axe          ||     6
       Headbutt          ||     2
Armor: Leather armour    ||     4
Dodge: Dodged            ||    12
